 Dungeon Sprint DCSS version 0.18.1-50-g88ac8fd (webtiles) character file.

324 Kagutsuchi the Fighter (level 6, 0/63 HPs)
             Began as a Draconian Berserker on Oct 20, 2016.
             Was a Believer of Trog.
             Slain by a worm (3 damage)
             ... while paralysed
             ... in the Dungeon (Sprint II: "The Violet Keep of Menkaure").
             The game lasted 00:01:32 (58 turns).

Kagutsuchi the Fighter (Draconian Berserker)          Turns: 58, Time: 00:01:32

Health: 0/63       AC:  6    Str: 20      XL:     6   Next: 23%
Magic:  6/6        EV:  2    Int:  0 (7)  God:    Trog [**....]
Gold:   243        SH:  0    Dex: 12      Spells: 0 memorised, 5 levels left

rFire  . . .     SeeInvis .     a - +0 falchion
rCold  . . .     Gourm    .     (armour unavailable)
rNeg   . . .     Faith    .     (no shield)
rPois  .         Spirit   .     (helmet restricted)
rElec  .         Dismiss  .     (no cloak)
rCorr  .         Reflect  .     (no gloves)
SustAt .         Harm     .     (no boots)
MR     .....     NoTele   +     (no amulet)
Stlth  +.........               (no ring)
                                (no ring)

@: paralysed, slowed, lost intelligence, not resistant to hostile enchantments,
very unstealthy
A: unfitting armour, slow regeneration 1, evolution 1, cold-blooded, AC +6
a: Berserk, Trog's Hand, Burn Spellbooks, Renounce Religion


You were in the Dungeon.
You worshipped Trog.
Trog was pleased with you.
You were not hungry.

You visited 1 branch You collected 243 gold pieces.

Inventory:

Hand Weapons
 a - a +0 falchion (weapon)
Scrolls
 h - a scroll of blinking
Potions
 c - a potion of curing
 d - a potion of heal wounds
 e - a potion of haste
 f - 2 potions of magic
 g - a potion of berserk rage
Comestibles
 b - a bread ration


   Skills:
 + Level 9.1 Fighting
 + Level 8.3 Long Blades
 + Level 7.4 Dodging


You had 5 spell levels left.
You didn't know any spells.

Dungeon Overview and Level Annotations

Branches:
Dungeon (1/1)

Altars:


Innate Abilities, Weirdness & Mutations

Your plain brown scales are hard (AC +6).
Your body does not fit into most forms of armour.
You are cold-blooded and may be slowed by cold attacks.
You regenerate slowly when monsters are visible.
You evolve.


Message History

The worm is moderately wounded.
The neqoxec gestures.
You slash the worm!
You tail-slap the worm, but do no damage.
The worm is severely wounded.
The neqoxec gestures at you.
Something tries to feed on your intellect!
The worm completely misses you. The worm barely misses you.
You slash the worm!
You kill the worm!
Trog accepts your kill.
You can now call upon Trog for regeneration and protection from hostile enchantments.
The neqoxec gestures at you.
You feel dopey.
You have lost your intelligence.
Something feeds on your intellect! The neqoxec hits you!
* * * LOW HITPOINT WARNING * * *
The neqoxec gestures.
The worm bites you.
You die...

##+# ##.$
## #w.##.#
####@#w# #
##.###3# H#
#...##3##$#
+.#.'555+#
#.).##3##.#
##.###5# H#
### .$3 #
..##. ###
##


You could see 4 neqoxecs, a worm, an iron imp, a shadow imp and an ufetubus.

Vanquished Creatures
  A siren (D)
  A worm (D)
2 creatures vanquished.

Vanquished Creatures (others)
  Menkaure (D)
  A crocodile (D)
2 creatures vanquished.

Grand Total: 4 creatures vanquished

Notes
Turn   | Place    | Note
--------------------------------------------------------------
     0 | D        | Kagutsuchi the Draconian Berserker began the quest for the Orb.
     0 | D        | Reached XP level 1. HP: 19/19 MP: 1/1
     1 | D        | Noticed a siren
    10 | D        | Killed a crocodile
    23 | D        | Killed a siren
    23 | D        | Reached skill level 9 in Fighting
    23 | D        | Reached XP level 2. HP: 8/37 MP: 2/2
    23 | D        | Reached XP level 3. HP: 10/42 MP: 3/3
    23 | D        | Reached XP level 4. HP: 12/50 MP: 4/4
    23 | D        | Reached XP level 5. HP: 13/57 MP: 5/5
    23 | D        | Reached XP level 6. HP: 15/63 MP: 6/6
    32 | D        | Killed Menkaure
    40 | D        | Noticed a hippogriff
    40 | D        | Noticed a hippogriff
    46 | D        | Noticed a neqoxec
    46 | D        | Noticed a neqoxec
    46 | D        | Noticed a neqoxec
    46 | D        | Noticed a neqoxec
    46 | D        | Gained mutation: You evolve. [a neqoxec]
    52 | D        | Gained mutation: You regenerate slowly when monsters are visible. [a neqoxec]
    57 | D        | Reached ** piety under Trog
    57 | D        | Lost intelligence.
    58 | D        | HP: 3/63 [neqoxec (12)]
    58 | D        | Slain by a worm

Skill      XL: |  1 |
---------------+----+-----
Fighting       | 9 |  9.1
Long Blades    | 8 |  8.3
Dodging        | 7 |  7.4

Action                   |  1- 3 |  4- 6 || total
-------------------------+-------+-------++-------
Melee: Falchion          |    19 |     4 ||    23
       Tailslap          |     3 |     2 ||     5
Armor: Skin              |       |     2 ||     2
Dodge: Dodged            |     2 |     3 ||     5
